 Dungeon Sprint DCSS version 0.29-a0-352-g0917bc69df (webtiles) character file.

Game seed: 10299592587134666927

213479 mhtbhm the Axe Maniac (level 16, -6/274 HPs)
             Began as a Minotaur Berserker on Apr 23, 2022.
             Was the Champion of Trog.
             Mangled by Antaeus (16 damage)
             ... in the Dungeon (Sprint IX: "|||||||||||||||||||||||||||||").
             The game lasted 00:13:10 (6755 turns).

mhtbhm the Axe Maniac (Minotaur Berserker)          Turns: 6755, Time: 00:13:10

Health: -6/274     AC: 40    Str: 35    XL:     16   Next: 96%
Magic:  15/15      EV: 18    Int:  4    God:    Trog [******]
Gold:   1007       SH:  0    Dex: 12    Spells: 15/15 levels left

rFire   + . .      SeeInvis +   O - +10 executioner's axe of Panentheism {vorpal, Str+2}
rCold   + . .      Faith    .   (shield currently unavailable)
rNeg    . . .      Spirit   .   b - +0 gold dragon scales
rPois   +          Reflect  .   G - +1 hat {SInv}
rElec   .          Harm     .   M - +1 cloak
rCorr   .          Rampage  .   N - +1 pair of gloves
Will    +++..      NoTele   +   L - +0 pair of boots of Absolutism {Dex+2 Slay+4}
Stlth   ..........              u - amulet of regeneration
HPRegen 2.35/turn               l - +3 ring of strength
MPRegen 0.14/turn               n - +4 ring of protection

@: mighty, berserking, strong-willed, frozen, regenerating, hasted, very quick
A: horns 2, retaliatory headbutt
}: 4/17 runes: decaying, serpentine, barnacled, gossamer
a: Renounce Religion, Berserk, Trog's Hand, Brothers in Arms


You were in the Dungeon.
You worshipped Trog.
Trog was exalted by your worship.
You visited 1 branch You collected 1511 gold pieces.
You spent 504 gold pieces at shops.

Inventory:

Hand Weapons
 a - the +4 battleaxe of Xyreup {vorpal, Drain Str+5}
   (Trog gifted it to you in the Dungeon)

   It inflicts extra damage upon your enemies.
   Str:       It affects your strength (+5).
   Drain:     It drains your maximum health when unequipped.
 k - a +4 trishula of holy wrath
 q - the +3 executioner's axe of the Onslaught {flame, +Blink}
   (Trog gifted it to you in the Dungeon)

   It burns those it strikes, dealing additional fire damage.
   Big, fiery blades are also staple armaments of hydra-hunters.
   +Blink:    It lets you blink.
 I - a +4 broad axe of flaming
 J - the +7 battleaxe "Ysycoiji" {vorpal, *Noise rElec Str+2 Dex+3}
   (Trog gifted it to you in the Dungeon)

   It inflicts extra damage upon your enemies.
   Str:       It affects your strength (+2).
   Dex:       It affects your dexterity (+3).
   rElec:     It insulates you from electricity.
   *Noise:    It may make noises in combat.
 O - the +10 executioner's axe of Panentheism (weapon) {vorpal, Str+2}
   (Trog gifted it to you in the Dungeon)

   It inflicts extra damage upon your enemies.
   Str:       It affects your strength (+2).
Missiles
 s - a curare-tipped dart
 t - 2 boomerangs of dispersal (quivered)
 P - 2 javelins
Armour
 b - +0 gold dragon scales (worn)
 c - a +3 tower shield of protection
 r - a +2 tower shield of cold resistance
 G - a +1 hat of see invisible (worn)
 L - the +0 pair of boots of Absolutism (worn) {Dex+2 Slay+4}
   (You found it in the Dungeon)

   Dex:       It affects your dexterity (+2).
   Slay:      It affects your accuracy & damage with ranged weapons and melee
   (+4).
 M - a +1 cloak (worn)
 N - a +1 pair of gloves (worn)
 Q - a +2 tower shield of positive energy
Jewellery
 l - a +3 ring of strength (left hand)
 m - a ring of willpower
 n - a +4 ring of protection (right hand)
 u - an amulet of regeneration (around neck)
 B - a ring of poison resistance
 C - a ring of ice
 D - a ring of fire
 K - a +2 ring of slaying
Wands
 j - a wand of iceblast (1)
 R - a wand of polymorph (12)
Scrolls
 h - 4 scrolls of blinking
 o - 12 scrolls of enchant weapon
 p - 9 scrolls of enchant armour
 v - a scroll of magic mapping {unknown}
 y - 2 scrolls of immolation
 F - 2 scrolls of fear
Potions
 d - 6 potions of heal wounds
 f - 4 potions of magic
 g - 4 potions of berserk rage
 i - 2 potions of invisibility
 w - a potion of flight {unknown}
 x - 3 potions of mutation
 z - a potion of lignification {unknown}
 A - a potion of brilliance
 H - 7 potions of curing


   Skills:
 O Level 27 Fighting
 O Level 27 Axes
 O Level 27 Armour
 O Level 27 Dodging
 + Level 13.2 Stealth
 + Level 23.5 Evocations


You had 15 spell levels left.
You didn't know any spells.
Your spell library was empty.

Dungeon Overview and Level Annotations

Branches:
Dungeon (1/1)

Altars:
Cheibriados
Dithmenos
Elyvilon
Fedhas
Gozag
Hepliaklqana
Kikubaaqudgha
Makhleb
Nemelex Xobeh
Okawaru
Qazlal
Ru
Sif Muna
Trog
Uskayaw
Vehumet
Wu Jian
Xom
Yredelemnul
Zin
The Shining One
Beogh
Jiyva
Lugonu

Shops:
D :(**

Annotations:
D Antaeus


Innate Abilities, Weirdness & Mutations

You have a pair of horns on your head.
You reflexively headbutt those who attack you in melee.


Message History

Antaeus gestures at you. The flash freeze hits you!!! You partially resist.
You are encased in ice.
You open Antaeus like a pillowcase!!! You headbutt Antaeus, but do no damage.
Antaeus is lightly wounded.
You slice Antaeus like a ripe choko!!!
Antaeus is moderately wounded.
Unknown command.
You slice Antaeus like a ripe choko!!!! Your headbutt misses Antaeus.
Antaeus is moderately wounded.
Antaeus hits you!! Antaeus freezes you!! You resist. Antaeus hits you.
Antaeus freezes you!! You resist.
* * * LOW HITPOINT WARNING * * *
Unknown command.
You cut Antaeus into ribbons!!!
Antaeus is heavily wounded.
Unknown command.
You slash Antaeus! You headbutt Antaeus!
Antaeus is heavily wounded.
Unknown command.
You open Antaeus like a pillowcase!!!
Antaeus is heavily wounded.
Antaeus is no longer moving slowly.
Antaeus gestures at you. The bolt of lightning hits you!!
* * * LOW HITPOINT WARNING * * *
You slice Antaeus like a ripe choko!!!
Antaeus is severely wounded.
Unknown command.
Unknown command.
You cut Antaeus into ribbons!!!
Antaeus is severely wounded.
Antaeus hits you!!
* * * LOW HITPOINT WARNING * * *
Antaeus freezes you! You resist.
* * * LOW HITPOINT WARNING * * *
Antaeus hits you!
* * * LOW HITPOINT WARNING * * *
Antaeus freezes you! You resist.
You die...

'.............)).))))[+).)..(....
▓▓▓▓▓▓▓▓▓▓▓▓▓▓▓▓▓▓▓▓▓▓▓▓▓▓▓▓▓▓▓▓▓
.................................
▓▓▓▓▓▓▓▓▓▓▓▓▓▓▓▓▓▓▓▓▓▓▓▓▓▓▓▓▓▓▓▓▓
.'....................[...[[...))
▓▓▓▓▓▓▓▓▓▓▓▓▓▓▓▓▓▓▓▓▓▓▓▓▓▓▓▓▓▓▓▓▓
........[...............)[.......
▓▓▓▓▓▓▓▓▓▓▓▓▓▓▓▓▓▓▓▓▓▓▓▓♣♣♣♣♣♣♣♣♣
)))))))))')(.()C@))))))'........)
▓▓▓▓▓▓▓▓▓▓▓▓▓▓▓▓▓▓▓▓▓▓▓▓♣♣♣♣♣♣♣♣♣
..)[.............................
▓▓▓▓▓▓▓▓▓▓▓▓▓▓▓▓▓▓▓▓▓▓▓▓▓▓▓▓▓▓▓▓▓
MxM.[.pop[))'[......)).
▓▓▓▓▓▓▓▓▓▓▓▓▓▓▓▓▓▓▓▓▓▓▓


You could see Antaeus (very poisoned).

Vanquished Creatures
  An ancient lich (D)
  Mennas (D)
  A royal mummy (D)
  Boris (D)
  Frederick (D)
  Saint Roka (D)
  A golden dragon (D)
  An Orb Guardian (D)
  2 liches (D)
  2 sphinxes (D)
  Frances (D)
  A death cob (D)
  Agnes (D)
  Gastronok (D)
  A shadow dragon (D)
  A fire giant (D)
  Donald (D)
  A draconian knight (D)
  Ilsuiw (D)
  A frost giant (D)
  7 emperor scorpions (D)
  6 nagarajas (D)
  A ghost moth (D)
  4 vault wardens (D)
  An ironbound preserver (D)
  A very ugly thing (D)
  Nessos (D)
  6 stone giants (D)
  A bunyip (D)
  An entropy weaver (D)
  2 spark wasps (D)
  A red draconian (D)
  Snorg (D)
  A deep elf death mage (D)
  3 ettins (D)
  2 merfolk javelineers (D)
  2 yaktaur captains (D)
  4 merfolk impalers (D)
  11 hydras (D)
  25 vault guards (D)
  A rakshasa (D)
  A salamander tyrant (D)
  3 centaur warriors (D)
  6 ogre magi (D)
  5 naga warriors (D)
  2 ironbound frosthearts (D)
  4 merfolk avatars (D)
  An alligator (D)
  A tengu warrior (D)
  6 two-headed ogres (D)
  2 merfolk aquamancers (D)
  2 deep troll shamans (D)
  2 satyrs (D)
  2 shock serpents (D)
  A hell knight (D)
  Sonja (D)
  2 goliath frogs (D)
  2 pharaoh ants (D)
  A sixfirhy (D)
  3 swamp dragons (D)
  2 sea snakes (D)
  A bog body (D)
  A steelbarb worm (D)
  A naga ritualist (D)
  4 ironbound convokers (D)
  7 wizards (D)
  3 orc knights (D)
  A harpy (D)
  A lindwurm (D)
  2 deep elf pyromancers (D)
  A manticore (D)
  A cyclops (D)
  An ugly thing (D)
  A moth of wrath (shapeshifter) (D)
  An elephant (D)
  3 moths of wrath (D)
  A guardian serpent (D)
  A naga mage (D)
  3 black mambas (D)
  2 torpor snails (D)
  4 cane toads (D)
  3 vault sentinels (D)
  A rime drake (D)
  A komodo dragon (D)
  A tengu conjurer (D)
  2 trolls (D)
  4 polar bears (D)
  A tyrant leech (D)
  3 merfolk (D)
  2 blink frogs (D)
  A slime creature (D)
  A snapping turtle (D)
  A jumping spider (D)
  A wyvern (D)
  A water elemental (D)
  4 yaks (D)
  Grum (D)
  2 redbacks (D)
  A vampire mosquito (D)
  A warg (D)
  2 nagas (D)
  An acid dragon (D)
  A swamp drake (D)
  4 water moccasins (D)
  4 black bears (D)
  14 orc warriors (D)
  2 ogres (D)
  3 wolves (D)
  3 bullfrogs (D)
  A necrophage (D)
  A gnoll sergeant (D)
  A killer bee (D)
  A jelly (D)
  7 orc priests (D)
  2 orc wizards (D)
  An adder (D)
  A dart slug (D)
  7 orcs (D)
  A hobgoblin (D)
  A ball python (D)
  A giant cockroach simulacrum (D)
  2 rats (D)
286 creatures vanquished.

Vanquished Creatures (collateral kills)
  A shadow dragon (D)
  A fire giant (D)
  A frost giant (D)
  An ironbound thunderhulk (D)
  A stone giant (D)
  A hydra (D)
  A spriggan air mage (D)
  An alligator (D)
  A deep troll shaman (D)
  A goliath frog (D)
  A wizard (D)
  An ugly thing (D)
12 creatures vanquished.

Grand Total: 298 creatures vanquished

Notes
Turn   | Place    | Note
-------+----------+-------------------------------------------
     0 | D        | mhtbhm the Minotaur Berserker began the quest for the Orb.
     0 | D        | Reached XP level 1. HP: 19/19 MP: 0/0
    12 | D        | Reached ** piety under Trog
   227 | D        | Noticed a jelly
   227 | D        | Noticed a water moccasin
   227 | D        | Noticed an orc wizard
   227 | D        | Noticed a necrophage
   233 | D        | Killed a necrophage
   234 | D        | Reached XP level 2. HP: 30/31 MP: 1/1
   234 | D        | Reached XP level 3. HP: 38/38 MP: 2/2
   234 | D        | Reached XP level 4. HP: 44/45 MP: 3/3
   234 | D        | Reached *** piety under Trog
   243 | D        | Killed a water moccasin
   244 | D        | Reached skill level 5 in Dodging
   244 | D        | Reached XP level 5. HP: 29/56 MP: 4/4
   244 | D        | Reached **** piety under Trog
   245 | D        | Reached skill level 5 in Armour
   250 | D        | Found a snail-covered altar of Cheibriados.
   250 | D        | Found a shadowy altar of Dithmenos.
   250 | D        | Found a white marble altar of Elyvilon.
   250 | D        | Found a blossoming altar of Fedhas.
   250 | D        | Found an opulent altar of Gozag.
   251 | D        | Found a hazy altar of Hepliaklqana.
   252 | D        | Found a viscous altar of Jiyva.
   253 | D        | Found an ancient bone altar of Kikubaaqudgha.
   254 | D        | Found a corrupted altar of Lugonu.
   255 | D        | Found a burning altar of Makhleb.
   256 | D        | Found a sparkling altar of Nemelex Xobeh.
   257 | D        | Found an iron altar of Okawaru.
   258 | D        | Found a stormy altar of Qazlal.
   259 | D        | Found a sacrificial altar of Ru.
   260 | D        | Found a shimmering blue altar of Sif Muna.
   261 | D        | Found a bloodstained altar of Trog.
   262 | D        | Found a hide-covered altar of Uskayaw.
   263 | D        | Found a radiant altar of Vehumet.
   264 | D        | Found an ornate altar of the Wu Jian Council.
   265 | D        | Found a shimmering altar of Xom.
   266 | D        | Found a basalt altar of Yredelemnul.
   267 | D        | Found a glowing silver altar of Zin.
   268 | D        | Found a glowing golden altar of the Shining One.
   449 | D        | Noticed a yak
   449 | D        | Noticed a yak
   449 | D        | Noticed a vampire mosquito
   452 | D        | Reached skill level 10 in Axes
   454 | D        | Killed a vampire mosquito
   455 | D        | Reached skill level 10 in Fighting
   455 | D        | Reached XP level 6. HP: 67/67 MP: 5/5
   459 | D        | Killed a yak
   460 | D        | Reached XP level 7. HP: 74/74 MP: 6/6
   461 | D        | Killed a yak
   461 | D        | Reached ***** piety under Trog
   559 | D        | Noticed a centaur warrior
   559 | D        | Noticed a white ugly thing
   559 | D        | Noticed a manticore
   559 | D        | Noticed a troll
   564 | D        | Killed a troll
   568 | D        | Killed a manticore
   569 | D        | Reached XP level 8. HP: 76/88 MP: 7/7
   575 | D        | Killed a white ugly thing
   576 | D        | Reached skill level 15 in Axes
   833 | D        | Killed a centaur warrior
   833 | D        | Received a gift from Trog
   834 | D        | Reached skill level 15 in Fighting
   834 | D        | Reached XP level 9. HP: 32/97 MP: 8/8
  1229 | D        | Noticed a cane toad
  1229 | D        | Noticed a cane toad
  1239 | D        | Killed a cane toad
  1240 | D        | Noticed a komodo dragon
  1242 | D        | Killed a cane toad
  1246 | D        | Identified the +4 battleaxe of Xyreup {vorpal, Drain Str+5}
                  | (Trog gifted it to you in the Dungeon)
  1246 | D        | Received a gift from Trog
  1254 | D        | Killed a komodo dragon
  1256 | D        | Reached XP level 10. HP: 53/108 MP: 9/9
  1560 | D        | Noticed a cane toad
  1561 | D        | Noticed a cane toad
  1563 | D        | Reached ****** piety under Trog
  1565 | D        | Noticed an elephant
  1575 | D        | Killed a cane toad
  1576 | D        | Reached skill level 10 in Armour
  1576 | D        | Reached skill level 1 in Stealth
  1577 | D        | Killed a cane toad
  1581 | D        | Killed an elephant
  1690 | D        | Identified the +3 executioner's axe of the Onslaught
                  | {flame, +Blink} (Trog gifted it to you in the Dungeon)
  1690 | D        | Received a gift from Trog
  1691 | D        | Reached skill level 10 in Dodging
  2026 | D        | Noticed Sonja
  2039 | D        | Killed Sonja
  2039 | D        | Received a gift from Trog
  2303 | D        | Reached XP level 11. HP: 35/121 MP: 10/10
  2308 | D        | Received a gift from Trog
  2597 | D        | Noticed an orc knight
  2601 | D        | Noticed an orc knight
  2610 | D        | Killed an orc knight
  2614 | D        | Killed an orc knight
  2614 | D        | Received a gift from Trog
  2615 | D        | Reached skill level 1 in Evocations
  2681 | D        | Found Lagalos's Assorted Antiques.
  2681 | D        | Noticed a two-headed ogre
  2681 | D        | Noticed a two-headed ogre
  2681 | D        | Noticed an ogre mage
  2681 | D        | Noticed an ogre mage
  2681 | D        | Noticed a two-headed ogre
  2684 | D        | Killed an ogre mage
  2685 | D        | Noticed an ogre mage
  2689 | D        | Killed an ogre mage
  2690 | D        | Found Fetuesch's Assorted Antiques.
  2692 | D        | Killed a two-headed ogre
  2692 | D        | Received a gift from Trog
  2694 | D        | Killed a two-headed ogre
  2696 | D        | Killed a two-headed ogre
  2697 | D        | Found Xarghoq's Antique Weapon Boutique.
  2697 | D        | Paralysed by something for 2 turns
  2703 | D        | Killed an ogre mage
  2704 | D        | Noticed an ogre mage
  2704 | D        | Noticed an ogre mage
  2707 | D        | Received a gift from Trog
  2708 | D        | Found Zaiserer's Book Shop.
  2709 | D        | Noticed a two-headed ogre
  2711 | D        | Noticed a two-headed ogre
  2715 | D        | Killed an ogre mage
  2717 | D        | Killed an ogre mage
  2719 | D        | Killed a two-headed ogre
  2719 | D        | Noticed a two-headed ogre
  2720 | D        | Reached skill level 15 in Armour
  2722 | D        | Killed a two-headed ogre
  2723 | D        | Reached XP level 12. HP: 45/136 MP: 11/11
  2727 | D        | Killed a two-headed ogre
  2885 | D        | Bought a small golden amulet for 130 gold pieces
  2885 | D        | Bought a scroll labelled SUNWEUTERE for 26 gold pieces
  2885 | D        | Bought a black potion for 23 gold pieces
  2885 | D        | Bought a scroll of enchant armour for 195 gold pieces
  2885 | D        | Bought a yellow potion for 23 gold pieces
  2885 | D        | Bought a bubbling emerald potion for 23 gold pieces
  2887 | D        | Bought a scroll labelled MUAFAM JAJY YLU for 29 gold pieces
  2887 | D        | Bought a fizzy yellow potion for 26 gold pieces
  2887 | D        | Bought a scroll labelled MUAFAM JAJY YLU for 29 gold pieces
  2934 | D        | Noticed Grum
  2938 | D        | Received a gift from Trog
  2942 | D        | Killed Grum
  3150 | D        | Noticed a four-headed hydra
  3150 | D        | Noticed a centaur warrior
  3152 | D        | Killed a centaur warrior
  3153 | D        | Noticed a six-headed hydra
  3155 | D        | Noticed an ogre mage
  3158 | D        | Noticed a deep troll shaman
  3161 | D        | Noticed a deep troll shaman
  3165 | D        | Killed a seven-headed hydra
  3167 | D        | Killed an eight-headed hydra
  3168 | D        | Noticed a fire giant
  3174 | D        | Killed an ogre mage
  3175 | D        | Received a gift from Trog
  3178 | D        | Killed a deep troll shaman
  3185 | D        | Killed a deep troll shaman
  3190 | D        | Noticed a stone giant
  3195 | D        | Killed a fire giant
  3196 | D        | Killed a stone giant
  3533 | D        | Noticed a tengu warrior
  3543 | D        | Killed a tengu warrior
  3564 | D        | Received a gift from Trog
  3617 | D        | Noticed Gastronok
  3625 | D        | Killed Gastronok
  3647 | D        | Noticed Donald
  3656 | D        | Killed Donald
  3721 | D        | Noticed a naga warrior
  3721 | D        | Noticed a salamander tyrant
  3729 | D        | Killed a salamander tyrant
  3730 | D        | Reached XP level 13. HP: 148/148 MP: 12/12
  3730 | D        | Received a gift from Trog
  3752 | D        | Received a gift from Trog
  3820 | D        | Noticed a bunyip
  3832 | D        | Received a gift from Trog
  3835 | D        | Killed a bunyip
  3851 | D        | Identified the +11 battleaxe "Zaivvam" {flame, Stlth+}
                  | (Trog gifted it to you in the Dungeon)
  3851 | D        | Received a gift from Trog
  3954 | D        | Noticed an entropy weaver
  3963 | D        | Noticed a spark wasp
  3964 | D        | Noticed a spark wasp
  3967 | D        | Reached skill level 5 in Stealth
  3972 | D        | Killed an entropy weaver
  4052 | D        | Received a gift from Trog
  4062 | D        | Killed a spark wasp
  4064 | D        | Killed a spark wasp
  4199 | D        | Noticed a merfolk javelineer
  4210 | D        | Killed a merfolk javelineer
  4338 | D        | Noticed Nessos
  4345 | D        | Killed Nessos
  4345 | D        | Received a gift from Trog
  4407 | D        | Noticed a golden dragon
  4407 | D        | Noticed a stone giant
  4407 | D        | Noticed a white very ugly thing
  4407 | D        | Noticed a stone giant
  4407 | D        | Noticed an ettin
  4411 | D        | Killed an ettin
  4414 | D        | Killed a stone giant
  4415 | D        | Reached XP level 14. HP: 166/166 MP: 13/13
  4415 | D        | Noticed a stone giant
  4421 | D        | Killed a white very ugly thing
  4422 | D        | Reached skill level 27 in Axes
  4423 | D        | Killed a stone giant
  4423 | D        | Received a gift from Trog
  4424 | D        | Reached skill level 27 in Fighting
  4425 | D        | Killed a golden dragon
  4426 | D        | Reached skill level 15 in Dodging
  4426 | D        | Reached skill level 5 in Evocations
  4426 | D        | Noticed a frost giant
  4432 | D        | Killed a stone giant
  4455 | D        | Killed a frost giant
  4607 | D        | Noticed a sphinx
  4611 | D        | Killed a sphinx
  4627 | D        | Noticed a stone giant
  4630 | D        | Killed a stone giant
  4630 | D        | Received a gift from Trog
  4816 | D        | Noticed a sphinx
  4816 | D        | Noticed a stone giant
  4821 | D        | Killed a sphinx
  4825 | D        | Killed a stone giant
  4832 | D        | Noticed an ironbound preserver
  4832 | D        | Noticed an ironbound thunderhulk
  4833 | D        | Received a gift from Trog
  4845 | D        | Killed an ironbound preserver
  4847 | D        | Killed an ironbound thunderhulk
  4853 | D        | Received a gift from Trog
  4862 | D        | Noticed an Orb Guardian
  4862 | D        | Noticed a royal mummy
  4871 | D        | Identified the +3 battleaxe of the Warrior {vorpal, rC+}
                  | (Trog gifted it to you in the Dungeon)
  4871 | D        | Received a gift from Trog
  4882 | D        | Noticed an emperor scorpion
  5076 | D        | Killed a royal mummy
  5080 | D        | Killed an Orb Guardian
  5088 | D        | Noticed a nagaraja
  5158 | D        | Noticed a black draconian knight
  5158 | D        | Noticed a fire giant
  5161 | D        | Killed a fire giant
  5165 | D        | Identified the +7 battleaxe "Ysycoiji" {vorpal, *Noise
                  | rElec Str+2 Dex+3} (Trog gifted it to you in the Dungeon)
  5165 | D        | Received a gift from Trog
  5173 | D        | Killed a black draconian knight
  5175 | D        | Received a gift from Trog
  5183 | D        | Killed a nagaraja
  5184 | D        | Reached XP level 15. HP: 174/174 MP: 14/14
  5232 | D        | Received a gift from Trog
  5273 | D        | Noticed a vault warden
  5280 | D        | Killed a vault warden
  5282 | D        | Received a gift from Trog
  5311 | D        | Noticed Frances
  5320 | D        | Killed Frances
  5411 | D        | Noticed Saint Roka
  5425 | D        | Killed Saint Roka
  5425 | D        | Received a gift from Trog
  5506 | D        | Got the +0 pair of boots of Absolutism {Dex+2 Slay+4}
  5591 | D        | Noticed Frederick
  5599 | D        | Killed Frederick
  5608 | D        | Noticed Snorg
  5615 | D        | Killed Snorg
  5632 | D        | Noticed Mennas
  5664 | D        | Killed Mennas
  5664 | D        | Received a gift from Trog
  5707 | D        | Noticed Agnes
  5712 | D        | Killed Agnes
  5768 | D        | Noticed an emperor scorpion
  5768 | D        | Noticed an emperor scorpion
  5768 | D        | Noticed an emperor scorpion
  5768 | D        | Noticed an emperor scorpion
  5768 | D        | Noticed an emperor scorpion
  5774 | D        | Killed an emperor scorpion
  5780 | D        | Killed an emperor scorpion
  5782 | D        | Noticed an emperor scorpion
  5784 | D        | Killed an emperor scorpion
  5789 | D        | Killed an emperor scorpion
  5790 | D        | Received a gift from Trog
  5798 | D        | Killed an emperor scorpion
  5803 | D        | Reached skill level 27 in Armour
  5807 | D        | Killed an emperor scorpion
  5811 | D        | Noticed an emperor scorpion
  5821 | D        | Killed an emperor scorpion
  5821 | D        | Received a gift from Trog
  5833 | D        | Got a gossamer rune of Zot
  5910 | D        | Reached skill level 10 in Evocations
  5916 | D        | Received a gift from Trog
  5930 | D        | Identified the +2 executioner's axe of Abuse {vorpal, rPois
                  | rF- Will- rCorr} (Trog gifted it to you in the Dungeon)
  5930 | D        | Received a gift from Trog
  5936 | D        | Got a decaying rune of Zot
  5972 | D        | Noticed a nagaraja
  5972 | D        | Noticed a nagaraja
  5973 | D        | Noticed a nagaraja
  5976 | D        | Noticed a nagaraja
  5980 | D        | Killed a nagaraja
  5983 | D        | Killed a nagaraja
  5986 | D        | Received a gift from Trog
  5990 | D        | Killed a nagaraja
  5991 | D        | Noticed a nagaraja
  5993 | D        | Killed a nagaraja
  6001 | D        | Received a gift from Trog
  6007 | D        | Reached skill level 27 in Dodging
  6007 | D        | Reached XP level 16. HP: 136/183 MP: 15/15
  6020 | D        | Got a serpentine rune of Zot
  6078 | D        | Noticed Ilsuiw
  6081 | D        | Received a gift from Trog
  6103 | D        | Killed Ilsuiw
  6103 | D        | Received a gift from Trog
  6115 | D        | Identified the +10 executioner's axe of Panentheism
                  | {vorpal, Str+2} (Trog gifted it to you in the Dungeon)
  6115 | D        | Received a gift from Trog
  6119 | D        | Reached skill level 15 in Evocations
  6137 | D        | Got a barnacled rune of Zot
  6210 | D        | Noticed Boris
  6218 | D        | Killed Boris
  6218 | D        | Received a gift from Trog
  6302 | D        | Received a gift from Trog
  6307 | D        | Reached skill level 10 in Stealth
  6337 | D        | Received a gift from Trog
  6380 | D        | Received a gift from Trog
  6417 | D        | Noticed an ancient lich
  6417 | D        | Noticed a lich
  6420 | D        | Killed a lich
  6426 | D        | Received a gift from Trog
  6435 | D        | Killed an ancient lich
  6435 | D        | Received a gift from Trog
  6438 | D        | Noticed a shadow dragon
  6448 | D        | Noticed a lich
  6449 | D        | Noticed a shadow dragon
  6451 | D        | Identified the +10 executioner's axe of Regicide {vorpal,
                  | rElec rC+} (Trog gifted it to you in the Dungeon)
  6451 | D        | Received a gift from Trog
  6455 | D        | Killed a shadow dragon
  6457 | D        | Killed a lich
  6474 | D        | Killed a shadow dragon
  6541 | D        | Noticed a death cob
  6541 | D        | Noticed Antaeus
  6654 | D        | Received a gift from Trog
  6704 | D        | Killed a death cob
  6755 | D        | HP: 10/274 [Antaeus (7)]
  6755 | D        | Mangled by Antaeus

Illustrated notes

Levels and vault maps discovered:
D:        linesprint [early_d, line_temple, items_1, d_10, items_2, lair_1,
          lair_end, items_3, orc_1, orc_end, items_4, d_15, swamp_1, shoals_1,
          snake_1, spider_1, d_20, vaults_1, items_5, swamp_end, shoals_end,
          snake_end, spider_end, vaults_end, d_27, items_6, zot_1, zot_end,
          crypt_end, forest_end, elf_end, slime_end, tomb_end, abyss_end,
          pan_hell_end]

Skill      XL: |  1  2  3  4  5  6  7  8  9 10 11 12 13 14 15 16 |
---------------+-------------------------------------------------+-----
Fighting       | 6 8 10 11 13 15 16 18 21 23 26 27 | 27.0
Axes           | 6 9 11 12 14 16 18 20 22 24 26 27 | 27.0
Armour         | 3 4 5 7 8 9 11 15 17 18 22 27 | 27.0
Dodging        | 3 5 6 8 9 10 11 14 21 27 | 27.0
Stealth        | 1 3 4 5 6 7 13 | 13.2
Evocations     | 2 3 4 8 11 23 | 23.5

Action                   |  1- 3 |  4- 6 |  7- 9 | 10-12 | 13-15 | 16-18 || total
-------------------------+-------+-------+-------+-------+-------+-------++-------
Melee: Hand axe          |    21 |    10 |       |       |       |       ||    31
       Headbutt          |     3 |     2 |     8 |    39 |    92 |    48 ||   192
       War axe           |       |     7 |    26 |       |       |       ||    33
       Battleaxe         |       |       |    26 |   192 |   374 |    51 ||   643
       Executioner's axe |       |       |       |       |       |   155 ||   155
Throw: Dart              |       |       |       |       |       |     2 ||     2
       Boomerang         |       |       |       |       |       |     1 ||     1
Invok: Berserk           |     1 |     1 |     2 |     5 |    12 |     3 ||    24
       Brothers in Arms  |       |       |       |     2 |     6 |     3 ||    11
       Trog's Hand       |       |       |       |       |       |     1 ||     1
Evoke: Wand              |       |       |       |     5 |     4 |       ||     9
  Use: Scroll            |       |       |       |     2 |     2 |     2 ||     6
       Potion            |       |       |       |     1 |     4 |     5 ||    10
Armor: Animal skin       |     2 |       |       |       |       |       ||     2
       Chain mail        |       |     1 |    14 |    56 |       |       ||    71
       Swamp dragon scal |       |       |       |    22 |    58 |       ||    80
       Gold dragon scale |       |       |       |       |   149 |    81 ||   230
Dodge: Dodged            |     6 |     5 |    23 |    89 |   197 |    93 ||   413

Table legend: (Time is in decaauts)
 A = Elapsed time spent in this place.
 B = Non-inter-level travel time spent in this place.
 C = Inter-level travel time spent in this place.
 D = Time resting spent in this place.
 E = Time spent auto-exploring this place.
 F = Levels seen in this place.
 G = Mean time per level.
                   A        B        C        D        E       F      G
               +--------+--------+--------+--------+--------+-----+--------+
         Total |   6678 |   6678 |      0 |   2935 |   1010 |   1 | 6678.0 |
       Dungeon |   6678 |   6678 |      0 |   2935 |   1010 |   1 | 6678.0 |
               +--------+--------+--------+--------+--------+-----+--------+

Top non-repeatable levels by time:
       D: 6678 daAuts
